 Dungeon Crawl Stone Soup version 0.27-a0-385-g3208abaabc (webtiles) character file.

Game seed: 13272496670202457584

538 CryoSword the Slasher (level 7, -3/64 HPs)
             Began as a Deep Dwarf Monk on Feb 19, 2021.
             Killed by divine providence
             ... invoked by an orc priest
              (10 damage)
             ... on level 4 of the Dungeon.
             The game lasted 00:06:22 (2703 turns).

CryoSword the Slasher (Deep Dwarf Monk)             Turns: 2703, Time: 00:06:23

Health: -3/64      AC:  9    Str: 17    XL:     7   Next: 5%
Magic:  6/6        EV: 11    Int: 10    God:
Gold:   188        SH:  0    Dex: 15    Spells: 6/6 levels left

rFire    . . .     SeeInvis .   m - +0 long sword
rCold    . . .     Faith    .   (no shield)
rNeg     . . .     Spirit   .   d - +0 scale mail
rPois    .         Reflect  .   (no helmet)
rElec    .         Harm     .   (no cloak)
rCorr    .         Rampage  .   n - +1 pair of gloves
Will     +....                  (no boots)
Stlth    +.........             (no amulet)
HPRegen  0.00/turn              (no ring)
MPRegen  0.10/turn              (no ring)

@: non-regenerating
A: damage resistance, heal wounds, sense surroundings 1, no regeneration
a: Heal Wounds


You were on level 4 of the Dungeon.
You visited 1 branch of the dungeon, and saw 4 of its levels.

You collected 188 gold pieces.

Inventory:

Hand Weapons
 m - a +0 long sword (weapon)
   (You found it on level 3 of the Dungeon)
Missiles
 p - 2 throwing nets (quivered)
Armour
 d - a +0 scale mail (worn)
   (You found it on level 1 of the Dungeon)
 n - a +1 pair of gloves (worn)
   (You found it on level 3 of the Dungeon)
Jewellery
 f - a ring of see invisible {unknown}
   (You found it on level 1 of the Dungeon)
 r - an amulet of magic regeneration {unknown}
   (You found it on level 3 of the Dungeon)
 s - an amulet of the acrobat {unknown}
   (You found it on level 3 of the Dungeon)
 u - a ring of resist corrosion {unknown}
   (You found it on level 4 of the Dungeon)
Wands
 o - a wand of iceblast (9)
   (You found it on level 3 of the Dungeon)
Scrolls
 b - 3 scrolls of amnesia
 e - a scroll of teleportation {unknown}
 l - 2 scrolls of immolation {unknown}
 t - a scroll of magic mapping {unknown}
Potions
 a - a potion of ambrosia {unknown}
 c - a potion of brilliance {unknown}
 g - a potion of heal wounds {unknown}
 h - 2 potions of attraction {!q}
 i - a potion of cancellation {unknown}
 j - a potion of berserk rage
 k - a potion of might {unknown}
 q - 3 potions of curing {unknown}


   Skills:
 + Level 4.3 Fighting
 * Level 6.1 Long Blades
 + Level 3.6 Armour
 - Level 3.4 Dodging
 - Level 2.4 Stealth


You had 6 spell levels left.
You didn't know any spells.
Your spell library was empty.

Dungeon Overview and Level Annotations

Branches:
Dungeon (4/15)
 Temple: D:4-7

Altars:
Fedhas
Zin

Shops:
D:4 *

Annotations:
D:3 2 transporters, TimeIsEndless's ghost, amateur OpFi
D:4 Dowan; Duvessa; Menkaure


Innate Abilities, Weirdness & Mutations

You are resistant to damage.
You can heal yourself by infusing magical energy.
You passively map a small area around you.
You do not regenerate.


Message History

Things that are here:
a +0 dagger of venom; a +0 robe; an orc corpse
Found a stone staircase leading down.
Duvessa and Dowan come into view.
Duvessa is wielding a +0 short sword and carrying a wand of polymorph (12).
Duvessa shouts!
Dowan shouts!
Menkaure, Prince of Dust comes into view.
Duvessa zaps a wand.
You easily resist.
There is an open door here.
You close the door.
An orc wizard comes into view. It is wielding a +0 dagger.
The orc wizard shouts!
There is a stone staircase leading up here.
You climb upwards.
Level annotation: 2 transporters, TimeIsEndless's ghost, amateur OpFi
There is a stone staircase leading down here.
There is an open door here.
There is an open door here.
Things that are here:
a +0 leather armour; an orc skeleton
There is a stone staircase leading down here.
You climb downwards.
Level annotation: Dowan; Duvessa; Menkaure
There is a stone staircase leading up here.
You hit the orc. The orc hits you but does no damage.
Space warps horribly around you!!
You barely miss the orc.
The orc wizard shouts!
The orc hits you but does no damage.
You hit the orc but do no damage. The orc hits you but does no damage.
Space bends around you.
You hit the orc but do no damage. The orc hits you but does no damage.
The orc wizard casts a spell at itself.
The orc wizard flickers and vanishes!
Deactivating autopickup; reactivate with Ctrl-A.
You barely miss the orc.
The orc hits you with a +1 hand axe of distortion.
Space bends around you.
You hit the orc.
The orc hits you with a +1 hand axe of distortion.
Space bends around you.
* * * LOW HITPOINT WARNING * * *
You hit the orc.
You kill the orc!
You hit something. Something hits you.
You closely miss something. Something hits you but does no damage.
You hit something. Something hits you but does no damage.
You hit something. Something hits you but does no damage.
You hear some strange, mumbled words.
A magic dart appears from out of thin air!
The magic dart hits you.
* * * LOW HITPOINT WARNING * * *
You hit something. Something hits you but does no damage.
You slash something!
Reactivating autopickup.
You feel a bit more experienced.
A hound skeleton comes into view.
Items here: )) [[ †.
Items here: )) [[ †.
There is a stone staircase leading up here.
You slash the hound skeleton!
The hound skeleton closely misses you. x2
You riposte.
You hit the hound skeleton. You slash the hound skeleton!
You destroy the hound skeleton!
Items here: )) [[ †.
There is a stone staircase leading up here.
You fail to use your ability.
You feel much better.
Found Eprups's General Store.
q - 3 yellow potions (gained 1)
You now have 188 gold pieces (gained 18).
An orc comes into view. It is wielding a +0 flail.
The orc shouts!
An orc, an orc priest and an orc wizard come into view.
The howler monkey howls!
The orc wizard shouts!
The orc shouts!
Found a dagger.
The howler monkey hoots and howls with incredible vigour!
The orc hits you but does no damage.
The orc wizard points at itself and mumbles some strange words.
The orc wizard flickers and vanishes!
Deactivating autopickup; reactivate with Ctrl-A.
You hit something but do no damage.
You hear some strange, mumbled words.
A magic dart appears from out of thin air!
The magic dart hits you.
You closely miss something. Something hits you but does no damage.
The orc priest looks braver for a moment.
You hit something. Something hits you.
You hit something but do no damage.
You hear some strange, mumbled words.
A magic dart appears from out of thin air!
The magic dart hits you. Something hits you but does no damage.
You closely miss something.
An orc comes into view.
Something hits you.
The orc shouts!
You hit something. Something hits you but does no damage.
You hit something.
The howler monkey hoots and howls with incredible vigour!
The howler monkey hits you but does no damage.
The orc priest calls down the wrath of Beogh upon you.
Beogh smites you! Something hits you. The orc barely misses you.
The howler monkey hits you but does no damage.
You slash the howler monkey!
The howler monkey hoots and howls with incredible vigour!
You closely miss the howler monkey. The howler monkey hits you.
You hit the howler monkey.
The howler monkey hits you but does no damage.
The howler monkey hoots and howls with incredible vigour!
You barely miss the howler monkey. The howler monkey hits you.
You hit the howler monkey. The howler monkey closely misses you.
You riposte.
You slash the howler monkey!
You kill the howler monkey!
Your Long Blades skill increases to level 6!
You closely miss something. Something hits you.
You barely miss something. Something hits you but does no damage.
You hit something. Something hits you but does no damage.
The orc priest looks satisfied for a moment.
You closely miss something. Something hits you.
You slash something!
Reactivating autopickup.
You feel a bit more experienced.
You have reached level 7!
You slash the orc!
You kill the orc!
The orc priest miscasts a cantrip.
The orc priest looks satisfied for a moment.
The orc closely misses you.
Items here: )) ? [ †.
You hit the orc but do no damage. The orc closely misses you.
You hit the orc but do no damage. The orc hits you but does no damage.
The orc priest calls down the wrath of Beogh upon you.
Beogh smites you!
* * * LOW HITPOINT WARNING * * *
You hit the orc. The orc closely misses you.
You hit the orc but do no damage. The orc hits you. x2
You hit the orc but do no damage. The orc hits you but does no damage.
You barely miss the orc. The orc hits you but does no damage.
You hit the orc but do no damage. The orc barely misses you.
You riposte.
You hit the orc. You slash the orc!
You kill the orc!
The orc priest calls down the wrath of Beogh upon you.
Beogh smites you!
* * * LOW HITPOINT WARNING * * *
You hit the orc.
The orc priest mumbles some strange prayers to Beogh against you.
Beogh smites you!
You die...

* ########### ,*
,..........# # .
###.#####.####.#....
###.#.>...<).)......
*.....###.###[......
* * .∩ * #.# .......
# #. #.# ...#.##
.###.#.#####.#
#..#,#,
.......oo@...# *...
, #.##.##.######
*.##. #.......# *'#
.. #.....o.# *,,, ,
#.......# * ,
#.......#* *,,
#........* ,,,
#.##...). ,,, +
#.,...... * , ,


You could see an orc priest and an orc.

Vanquished Creatures
  An ice beast (D:3)
  A howler monkey (D:4)
  A hound (D:4)
  A jelly (D:2)
  Terence (D:2)
  4 orc wizards (D:4)
  A worker ant (D:4)
  A hound skeleton (D:4)
  Robin (D:2)
  6 adders
  An ooze (D:3)
  2 worms (D:3)
  6 dart slugs
  3 leopard geckos
  10 orcs
  5 giant cockroaches
  9 goblins
  12 hobgoblins
  3 kobolds
  A quokka (D:2)
  3 ball pythons
  10 bats
  4 frilled lizards
  6 rats (D:1)
93 creatures vanquished.

Vanquished Creatures (others)
  An orc wizard (D:4)
  4 fungi (D:2)
  A plant (D:2)
6 creatures vanquished.

Grand Total: 99 creatures vanquished

Notes
Turn   | Place    | Note
-------+----------+-------------------------------------------
     0 | D:1      | CryoSword the Deep Dwarf Monk began the quest for the Orb.
     0 | D:1      | Reached XP level 1. HP: 20/20 MP: 1/1
   211 | D:1      | Reached XP level 2. HP: 24/27 MP: 2/2
   775 | D:2      | Reached skill level 4 in Long Blades
   775 | D:2      | Reached skill level 1 in Armour
   775 | D:2      | Reached XP level 3. HP: 12/34 MP: 3/3
   816 | D:2      | Reached XP level 4. HP: 34/42 MP: 3/3
   828 | D:2      | Found a blossoming altar of Fedhas.
   892 | D:2      | Noticed Terence
  1002 | D:2      | Noticed Robin
  1046 | D:2      | Killed Robin
  1122 | D:2      | Reached XP level 5. HP: 48/49 MP: 4/4
  1334 | D:3      | Noticed an ice beast
  1353 | D:3      | Killed an ice beast
  1354 | D:3      | Reached skill level 5 in Long Blades
  1499 | D:2      | Killed Terence
  1500 | D:2      | Reached XP level 6. HP: 37/57 MP: 5/5
  1563 | D:3      | Noticed TimeIsEndless's ghost (amateur OpFi)
  1583 | D:3      | Found a transporter.
  1597 | D:3      | Found a transporter.
  1996 | D:3      | Found a glowing silver altar of Zin.
  2569 | D:4      | Noticed Duvessa
  2569 | D:4      | Noticed Dowan
  2569 | D:4      | Noticed Menkaure
  2651 | D:4      | Found Eprups's General Store.
  2688 | D:4      | Reached skill level 6 in Long Blades
  2693 | D:4      | Reached XP level 7. HP: 34/64 MP: 6/6
  2703 | D:4      | Killed from afar by an orc priest

Illustrated notes

Levels and vault maps discovered:
D:1:      tarquinn_simple_flora_water_e, layout_basic
D:2:      layout_rooms, fedhas_altar_3, uniq_robin, uniq_terence
D:3:      layout_loops_corners, lemuel_doored_altar, gammafunk_ghost_arena,
          kennysheep_generic_room_4
D:4:      layout_loops_corners, lemuel_crystal_altar, serial_shops, shop,
          uniq_menkaure, uniq_duvessa

Skill      XL: |  1  2  3  4  5  6 |
---------------+-------------------+-----
Fighting       | 3 4 |  4.3
Long Blades    | 4 5 6 |  6.1
Armour         | 1 2 3 |  3.6
Dodging        | |  3.4
Stealth        | |  2.4

Action                   |  1- 3 |  4- 6 |  7- 9 || total
-------------------------+-------+-------+-------++-------
Melee: Falchion          |    90 |   125 |       ||   215
       Long sword        |       |   117 |    10 ||   127
Throw: Throwing net      |       |     1 |       ||     1
 Abil: Heal Wounds       |     1 |     5 |       ||     6
  Use: Scroll            |       |     3 |       ||     3
 Stab: Held in net/web   |       |     1 |       ||     1
Armor: Robe              |     7 |       |       ||     7
       Scale mail        |    35 |   109 |     3 ||   147
Dodge: Dodged            |    67 |   160 |     4 ||   231
       Rpst.: Falchion   |    27 |    29 |       ||    56
       Long sword        |       |    18 |     1 ||    19

Table legend: (Time is in decaauts)
 A = Elapsed time spent in this place.
 B = Non-inter-level travel time spent in this place.
 C = Inter-level travel time spent in this place.
 D = Time resting spent in this place.
 E = Time spent auto-exploring this place.
 F = Levels seen in this place.
 G = Mean time per level.
                   A        B        C        D        E       F      G
               +--------+--------+--------+--------+--------+-----+--------+
         Total |   2742 |   2589 |    153 |     14 |   1524 |   4 |  685.5 |
       Dungeon |   2742 |   2589 |    153 |     14 |   1524 |   4 |  685.5 |
               +--------+--------+--------+--------+--------+-----+--------+

Top non-repeatable levels by time:
     D:3: 1070 daAuts
     D:1: 808 daAuts
     D:2: 561 daAuts
     D:4: 302 daAuts
